[Event "Titled Tuesday Blitz June 6 Early 2023"]
[White "Lima, Kleyton Alcantara"]
[Black "Czerw, Dawid"]
[WhiteFideId "22718397"]
[BlackFideId "1145746"]
[WhiteElo "2009"]
[BlackElo "2144"]
[Result "1/2-1/2"]
[Round "3"]
[TimeControl "180+2"]
[Date "2023.06.06"]
[WhiteClock "0:00:12"]
[BlackClock "0:00:20"]
[Board "106"]

1. e4 c5 2. Nf3 Nc6 3. d4 cxd4 4. Nxd4 Nf6 5. Nc3 e5 6. Ndb5 d6 7. Bg5 a6 8. Na3 b5 9. Nab1 Nd4 10. a4 h6 11. Bxf6 Qxf6 12. axb5 Bb7 13. bxa6 Bc6 14. Bc4 Qg6 15. O-O Bxe4 16. Nxe4 Qxe4 17. c3 Qc6 18. Bxf7+ Kxf7 19. cxd4 Be7 20. dxe5 dxe5 21. Qb3+ Kg6 22. a7 Bc5 23. Qg3+ Kh7 24. Qxe5 Rhf8 25. Nc3 Rxa7 26. Rxa7 Bxa7 27. Qe4+ Qxe4 28. Nxe4 Re8 29. Re1 Rb8 30. Re2 Bd4 31. g3 Bxb2 32. Kg2 Bd4 33. h4 Rb5 34. Rd2 Be5 35. f4 Bf6 36. Rd3 Ra5 37. Kf3 Rb5 38. Kg4 h5+ 39. Kf3 Ra5 40. Nxf6+ gxf6 41. Ke4 Kg6 42. Kf3 Rb5 43. Ke3 Ra5 44. Ke4 Rb5 45. Rc3 Ra5 46. Kf3 Rb5 47. Rc8 Ra5 48. Rg8+ Kf7 49. Rb8 Kg6 50. Rg8+ Kf7 51. Rc8 Kg6 52. Rc3 Rb5 53. g4 hxg4+ 54. Kxg4 f5+ 55. Kg3 Rb1 56. Rc6+ Kh5 57. Rf6 Rb3+ 58. Kf2 Kg4 59. Rc6 Rf3+ 60. Kg2 Rg3+ 61. Kf2 Rh3 62. Rc4 Rxh4 63. Kg2 Rh3 64. Kf2 Rf3+ 65. Kg2 Rxf4 66. Rxf4+ Kxf4 67. Kf2 Ke4 68. Ke2 f4 69. Kf2 f3 70. Kf1 Kf4 71. Kf2 Kg4 72. Kf1 Kg3 73. Kg1 f2+ 74. Kf1 Kf3 1/2-1/2


[Site "https://www.chess.com"]

[Event "Titled Tuesday Blitz June 6 Early 2023"]
[White "FunnyDuck66"]
[Black "Gontcharov, Vladislav"]
[BlackFideId "4123492"]
[WhiteElo "2414"]
[BlackElo "2420"]
[Result "0-1"]
[Round "3"]
[TimeControl "180+2"]
[Date "2023.06.06"]
[WhiteClock "0:00:32"]
[BlackClock "0:00:09"]
[Board "107"]

1. d4 Nf6 2. Nf3 c5 3. d5 e6 4. Nc3 exd5 5. Nxd5 d6 6. Bf4 Nc6 7. e3 Nxd5 8. Qxd5 Be6 9. Qd2 d5 10. Bb5 Be7 11. O-O O-O 12. Bxc6 bxc6 13. Ne5 Qb6 14. c3 Rad8 15. Qc2 f6 16. Nf3 Bf7 17. Qb3 Rd7 18. Qc2 Bg6 19. Qe2 Re8 20. Nh4 Bf8 21. Nxg6 hxg6 22. h4 Rde7 23. Qg4 Kf7 24. Rab1 Qb7 25. Bd6 Re4 26. Qg3 Bxd6 27. Qxd6 Rxh4 28. g3 Rh5 29. Kg2 Qe7 30. Qxe7+ Kxe7 31. b4 cxb4 32. Rxb4 Rd8 33. Rb7+ Rd7 34. Rfb1 a5 35. Rxd7+ Kxd7 36. Rb7+ Kd6 37. Rxg7 Rh6 38. Ra7 Kc5 39. Rxa5+ Kc4 40. Ra6 c5 41. Rxf6 Kxc3 42. Rc6 c4 43. Rc5 Rh5 44. Kf3 d4 45. exd4 Kxd4 46. Rc8 Re5 47. a4 c3 48. Rd8+ Kc4 49. Rc8+ Kb3 50. Kf4 Ra5 51. Rb8+ Kxa4 52. Ke3 Rd5 53. Rb1 Ka3 54. Ke4 Rd6 55. Ke5 Rd8 56. Rb7 c2 57. Ra7+ Kb3 58. Rb7+ Kc3 59. Rc7+ Kd2 60. Kf6 Rd6+ 61. Kg5 c1=Q 62. Rxc1 Kxc1 63. f4 Kd2 64. g4 Ke3 65. f5 gxf5 66. gxf5 Ke4 67. f6 Ke5 68. f7 Rd8 69. Kg6 Ke6 70. Kg7 Ke7 71. f8=R Rxf8 72. Kg6 Ke6 73. Kg5 Rf5+ 74. Kg4 Ke5 75. Kg3 Ke4 0-1


[Site "https://www.chess.com"]

[Event "Titled Tuesday Blitz June 6 Early 2023"]
[White "Shohat, Yotam"]
[Black "Topalov, Aleksandar"]
[WhiteFideId "2813955"]
[BlackFideId "925659"]
[WhiteElo "2226"]
[BlackElo "2151"]
[Result "1/2-1/2"]
[Round "3"]
[TimeControl "180+2"]
[Date "2023.06.06"]
[WhiteClock "0:01:47"]
[BlackClock "0:00:52"]
[Board "108"]

1. e4 e6 2. d4 d5 3. e5 Ne7 4. c3 Qd7 5. f4 h5 6. Bd3 g6 7. Nf3 b6 8. Ng5 Ba6 9. Be3 Bxd3 10. Qxd3 Nf5 11. Nd2 c5 12. Ndf3 Nc6 13. Bf2 Be7 14. h3 h4 15. O-O Kf8 16. Rfd1 cxd4 17. Nxd4 Ncxd4 18. cxd4 Kg7 19. Rac1 Bxg5 20. fxg5 Rac8 21. b3 Rxc1 22. Rxc1 Rc8 23. Qd2 Rxc1+ 24. Qxc1 Qb5 25. Qc7 Qe2 26. Qd8 Qd1+ 27. Kh2 Qf1 28. Qf6+ Kg8 29. Qd8+ Kh7 30. Qf8 Qxf2 31. Qxf7+ Kh8 32. Qf8+ Kh7 33. Qf7+ Kh8 34. Qf8+ Kh7 35. Qf7+ 1/2-1/2


[Site "https://www.chess.com"]

[Event "Titled Tuesday Blitz June 6 Early 2023"]
[White "Degenbaev, Aziz"]
[Black "Begunov, Konstantin"]
[WhiteFideId "13802640"]
[BlackFideId "4118510"]
[WhiteElo "2152"]
[BlackElo "1993"]
[Result "1-0"]
[Round "3"]
[TimeControl "180+2"]
[Date "2023.06.06"]
[WhiteClock "0:00:05"]
[BlackClock "0:00:08"]
[Board "109"]

1. e4 c5 2. Nf3 d6 3. d4 cxd4 4. Qxd4 a6 5. Bc4 Nc6 6. Qd3 Nf6 7. Nc3 Bg4 8. Bb3 Bxf3 9. gxf3 Na5 10. Be3 Nxb3 11. axb3 g6 12. O-O-O Bg7 13. h4 Qa5 14. Kb1 Rc8 15. Bd4 O-O 16. Bxf6 Bxf6 17. Nd5 Qc5 18. h5 Qxf2 19. Rd2 Qg3 20. Rdh2 g5 21. Nxf6+ exf6 22. Rd2 Rc6 23. Rdd1 Qe5 24. Rhg1 h6 25. Qe3 Rfc8 26. Rd2 b5 27. f4 Qe6 28. fxg5 fxg5 29. Rf2 R8c7 30. Rgf1 Rc5 31. Qd4 Re5 32. Rf6 Rxe4 33. Qb6 Re1+ 34. Ka2 Rxf1 35. Rxe6 Rxc2 36. Qd8+ Kg7 37. Re8 Rcc1 38. Rg8+ Kh7 39. Rh8+ Kg7 40. Qf8+ Kf6 41. Qxd6+ Kg7 42. Qxh6# 1-0


[Site "https://www.chess.com"]

[Event "Titled Tuesday Blitz June 6 Early 2023"]
[White "Moore, Nicholas"]
[Black "Pajeken, Jakob Leon"]
[WhiteFideId "4303709"]
[BlackFideId "12942839"]
[WhiteElo "2400"]
[BlackElo "2424"]
[Result "1-0"]
[Round "3"]
[TimeControl "180+2"]
[Date "2023.06.06"]
[WhiteClock "0:00:12"]
[BlackClock "0:00:08"]
[Board "110"]

1. c4 e5 2. g3 Nf6 3. Bg2 c6 4. d4 Bb4+ 5. Nc3 d6 6. e3 O-O 7. Ne2 Qe7 8. a3 Ba5 9. b4 Bc7 10. O-O Rd8 11. Bb2 a6 12. Qc2 Bd7 13. Rfe1 Bg4 14. f3 Bh5 15. Rad1 Bg6 16. e4 Nbd7 17. Kh1 a5 18. b5 Bb6 19. a4 exd4 20. Nxd4 Ne5 21. Nce2 h5 22. Nf4 h4 23. Nxg6 fxg6 24. Qb3 Bxd4 25. Rxd4 c5 26. Rd2 hxg3 27. hxg3 Qe6 28. Bf1 Kf7 29. Rh2 Rh8 30. Rd1 Rxh2+ 31. Kxh2 Rh8+ 32. Kg1 g5 33. Qc2 Nxf3+ 34. Kf2 Rh2+ 35. Bg2 Ne5 36. Kg1 Rh8 37. Rf1 Qxc4 38. Qxc4+ Nxc4 39. e5 Nxb2 40. exf6 gxf6 41. Bxb7 c4 42. Bd5+ Kg6 43. b6 c3 44. b7 Nd3 45. Be4+ Kh5 46. Bxd3 Kg4 47. Rb1 Rb8 48. Kf2 f5 49. Be2+ Kh3 50. Rh1# 1-0


[Site "https://www.chess.com"]

[Event "Titled Tuesday Blitz June 6 Early 2023"]
[White "Malyi, Viacheslav"]
[Black "zsizsi99"]
[WhiteFideId "14123983"]
[WhiteElo "2291"]
[BlackElo "2397"]
[Result "1/2-1/2"]
[Round "3"]
[TimeControl "180+2"]
[Date "2023.06.06"]
[WhiteClock "0:00:38"]
[BlackClock "0:00:17"]
[Board "111"]

1. e4 c5 2. Nf3 d6 3. d4 cxd4 4. Nxd4 Nf6 5. Nc3 a6 6. Bg5 Nbd7 7. f4 Qc7 8. Qf3 b5 9. O-O-O Bb7 10. Nd5 Bxd5 11. exd5 g6 12. Nc6 Rc8 13. Bd3 Nxd5 14. Qxd5 Qxc6 15. Qd4 f6 16. Rhe1 Qc5 17. Bxf6 Qxd4 18. Bxd4 Rg8 19. g3 Kf7 20. f5 Bg7 21. fxg6+ hxg6 22. Rf1+ Nf6 23. g4 Bh6+ 24. Kb1 e5 25. Bc3 Bf4 26. Bd2 g5 27. Bf5 Rc4 28. Bxf4 Rxf4 29. Rxf4 gxf4 30. Rxd6 Nxg4 31. Rxa6 Nxh2 32. Be6+ Kg7 33. Bxg8 Kxg8 34. a4 bxa4 35. Re6 f3 36. Rxe5 f2 37. Rg5+ Kh7 38. Rf5 f1=Q+ 39. Rxf1 Nxf1 40. Ka2 Ne3 1/2-1/2


[Site "https://www.chess.com"]

[Event "Titled Tuesday Blitz June 6 Early 2023"]
[White "Shapiro, Daniel"]
[Black "Sargsyan, Anna M."]
[WhiteFideId "2001780"]
[BlackFideId "13308130"]
[WhiteElo "2391"]
[BlackElo "2284"]
[Result "0-1"]
[Round "3"]
[TimeControl "180+2"]
[Date "2023.06.06"]
[WhiteClock "0:00:13"]
[BlackClock "0:01:02"]
[Board "112"]

1. d4 d5 2. c4 c6 3. Nf3 Nf6 4. Qb3 dxc4 5. Qxc4 Bf5 6. Nc3 e6 7. g3 h6 8. Bg2 Nbd7 9. O-O Ne4 10. Qb3 Qb6 11. Nd2 Nxd2 12. Qxb6 axb6 13. Bxd2 b5 14. e4 Bg6 15. d5 Ne5 16. dxe6 fxe6 17. b3 Bc5 18. h3 O-O 19. Be3 Bxe3 20. fxe3 Rfd8 21. Rfd1 b4 22. Na4 Rxd1+ 23. Rxd1 b5 24. Nc5 Rxa2 25. Nxe6 Kf7 26. Rd6 Ke7 0-1


[Site "https://www.chess.com"]

[Event "Titled Tuesday Blitz June 6 Early 2023"]
[White "Iskusnyh, Sergei"]
[Black "Fajdetic, Hrvoje"]
[WhiteFideId "4120027"]
[BlackFideId "14501945"]
[WhiteElo "2492"]
[BlackElo "2185"]
[Result "1-0"]
[Round "3"]
[TimeControl "180+2"]
[Date "2023.06.06"]
[WhiteClock "0:00:09"]
[BlackClock "0:00:07"]
[Board "113"]

1. d4 e6 2. c4 f5 3. g3 Nf6 4. Bg2 Be7 5. Nf3 O-O 6. O-O d6 7. b4 Ne4 8. Bb2 Bf6 9. Nbd2 Nxd2 10. Qxd2 c6 11. b5 Qe7 12. a4 Rd8 13. Rfd1 d5 14. bxc6 bxc6 15. Ba3 Qf7 16. Qa5 Ba6 17. Ne5 Qe8 18. cxd5 cxd5 19. e3 Bxe5 20. dxe5 Bc4 21. Bd6 Nc6 22. Qd2 Rd7 23. Rdb1 Nd8 24. Rb4 Rc8 25. Rab1 Nf7 26. Qd4 Nxd6 27. exd6 Rxd6 28. Qxa7 Ra6 29. Qd4 Rxa4 30. Rb7 Qg6 31. h4 Raa8 32. h5 Qf6 33. Qxf6 gxf6 34. h6 Bd3 35. Rg7+ Kh8 36. Rbb7 f4 37. e4 Bxe4 38. Bxe4 dxe4 39. Rxh7+ Kg8 40. Rbg7+ Kf8 41. Rh8# 1-0


[Site "https://www.chess.com"]

[Event "Titled Tuesday Blitz June 6 Early 2023"]
[White "Fernandez Siles, Luis"]
[Black "Krutko, Anatoly"]
[WhiteFideId "2209420"]
[BlackFideId "4185862"]
[WhiteElo "2195"]
[BlackElo "2378"]
[Result "0-1"]
[Round "3"]
[TimeControl "180+2"]
[Date "2023.06.06"]
[WhiteClock "0:00:25"]
[BlackClock "0:00:36"]
[Board "114"]

1. d4 Nf6 2. c4 g6 3. Nc3 Bg7 4. e4 O-O 5. Nf3 d6 6. Be2 Bg4 7. Be3 Nc6 8. d5 Bxf3 9. gxf3 Ne5 10. f4 Ned7 11. h4 h5 12. f5 c6 13. Rg1 Kh7 14. fxg6+ fxg6 15. f4 cxd5 16. cxd5 Rc8 17. f5 Rxc3 18. fxg6+ Kh8 19. bxc3 Nxe4 20. Bd3 Nef6 21. Rg5 Ne5 22. Rxh5+ Kg8 23. Bf5 Re8 24. Be6+ Kf8 25. Bh6 Qa5 26. Bxg7+ Kxg7 27. Rxe5 Qxc3+ 28. Kf1 Qxe5 29. Rc1 Ne4 30. Bf7 Rh8 31. Qf3 Nd2+ 0-1


[Site "https://www.chess.com"]

[Event "Titled Tuesday Blitz June 6 Early 2023"]
[White "Mohammed, Zozek Salah Mohammed"]
[Black "Lymar, Vladislav"]
[WhiteFideId "4803361"]
[BlackFideId "14162180"]
[WhiteElo "2211"]
[BlackElo "2234"]
[Result "1-0"]
[Round "3"]
[TimeControl "180+2"]
[Date "2023.06.06"]
[WhiteClock "0:00:09"]
[BlackClock "0:00:03"]
[Board "115"]

1. d4 d5 2. Nf3 c5 3. g3 Nc6 4. Bg2 Nf6 5. O-O e6 6. c4 Be7 7. cxd5 exd5 8. Nc3 O-O 9. Bg5 c4 10. b3 Qa5 11. Qd2 Be6 12. Rfd1 Rad8 13. bxc4 dxc4 14. e4 h6 15. Bxf6 Bxf6 16. Ne2 Qxd2 17. Rxd2 b5 18. Rb1 b4 19. d5 c3 20. Rc2 Bxd5 21. exd5 Rxd5 22. Ne1 Nd4 23. Bxd5 Nxc2 24. Nxc2 Rd8 25. Nxb4 a5 26. Be4 axb4 27. Rxb4 g6 28. Rc4 Rd1+ 29. Kg2 Re1 30. Kf3 g5 31. h3 h5 32. Nxc3 g4+ 33. hxg4 hxg4+ 34. Kf4 Rc1 35. Nd5 Rxc4 36. Nxf6+ Kg7 37. Nxg4 Ra4 38. Ne5 Rxa2 39. f3 f6 40. Ng4 Ra5 41. Ne3 Rb5 42. g4 Rc5 43. Nf5+ Kf7 44. Nd6+ Ke6 45. Nf5 Kf7 46. Ne3 Ke6 47. Kg3 Rc3 48. Kf2 Ra3 49. f4 Ra2+ 50. Kf3 Ra3 51. g5 fxg5 52. fxg5 Ke5 53. g6 Ra7 54. Ng4+ Ke6 55. Kf4 Rc7 56. Kg5 Rc1 57. Bf5+ Ke7 58. Kh6 Kf8 59. g7+ Kf7 60. Be6+ Kxe6 61. g8=Q+ Kf5 62. Qg5+ Ke4 63. Qxc1 1-0


[Site "https://www.chess.com"]

[Event "Titled Tuesday Blitz June 6 Early 2023"]
[White "Diaz Rosas, Julio Cesar"]
[Black "Sovetbekova, Nurai"]
[WhiteFideId "5105099"]
[BlackFideId "13801910"]
[WhiteElo "2284"]
[BlackElo "1857"]
[Result "1-0"]
[Round "3"]
[TimeControl "180+2"]
[Date "2023.06.06"]
[WhiteClock "0:00:06"]
[BlackClock "0:00:02"]
[Board "116"]

1. e4 c5 2. Nf3 Nc6 3. Bc4 e5 4. c3 Nf6 5. d4 exd4 6. cxd4 cxd4 7. O-O Nxe4 8. Re1 d5 9. Ng5 dxc4 10. Qh5 g6 11. Nxe4 Be6 12. Qb5 Bg7 13. Qxb7 Rc8 14. Bg5 Qc7 15. Nd6+ Kd7 16. Qxc7+ Rxc7 17. Ne4 Rb8 18. Na3 Nd8 19. Rad1 d3 20. Nf6+ Bxf6 21. Bxf6 Nc6 22. Bc3 Nb4 23. Re4 Rbc8 24. Bxb4 Rb8 25. Bc3 f5 26. Rd4+ Ke7 27. f4 Kf7 28. Kf2 Re7 29. Rd2 Rbe8 30. Nxc4 Bxc4 31. Rxc4 Re2+ 32. Rxe2 Rxe2+ 33. Kf3 Rc2 34. Rd4 1-0


[Site "https://www.chess.com"]

[Event "Titled Tuesday Blitz June 6 Early 2023"]
[White "Zenin, Dmitry"]
[Black "Gheorghiu, Calin"]
[WhiteFideId "4127897"]
[BlackFideId "1200305"]
[WhiteElo "2215"]
[BlackElo "2204"]
[Result "0-1"]
[Round "3"]
[TimeControl "180+2"]
[Date "2023.06.06"]
[WhiteClock "0:01:35"]
[BlackClock "0:02:08"]
[Board "117"]

1. d4 d5 2. c4 e6 3. Nc3 Nf6 4. cxd5 exd5 5. Bg5 c6 6. e3 Be7 7. Qc2 Nbd7 8. Bd3 Nf8 9. Nge2 Ne6 10. Bh4 g6 11. h3 O-O 12. O-O-O c5 13. Bxf6 Bxf6 14. dxc5 Nxc5 15. Nf4 Nxd3+ 16. Qxd3 Bf5 17. Qxd5 Qb6 18. Qb5 Qxb5 19. Nxb5 Rac8+ 20. Nc3 Bxc3 0-1


[Site "https://www.chess.com"]

[Event "Titled Tuesday Blitz June 6 Early 2023"]
[White "Machidon, Cristi"]
[Black "Polanco Nunez, Yoel Estarling"]
[WhiteFideId "13904590"]
[BlackFideId "6401783"]
[WhiteElo "2355"]
[BlackElo "2132"]
[Result "1-0"]
[Round "3"]
[TimeControl "180+2"]
[Date "2023.06.06"]
[WhiteClock "0:00:29"]
[BlackClock "0:00:44"]
[Board "118"]

1. e4 e5 2. Nf3 Nc6 3. Bb5 a6 4. Ba4 Nf6 5. O-O Be7 6. Re1 b5 7. Bb3 d6 8. c3 O-O 9. h3 Bb7 10. d4 Re8 11. Ng5 Rf8 12. Nf3 Re8 13. a4 Bf8 14. d5 Ne7 15. Nbd2 c6 16. dxc6 Bxc6 17. axb5 axb5 18. Rxa8 Qxa8 19. Ng5 d5 20. exd5 Nexd5 21. Nde4 Nxe4 22. Nxe4 h6 23. Qf3 Qb7 24. Bxh6 gxh6 25. Bxd5 Bxd5 26. Nf6+ Kh8 27. Qxd5 Qxd5 28. Nxd5 Bg7 29. Kf1 Rd8 30. Rd1 f5 31. Ke2 e4 32. Ne7 Rxd1 33. Kxd1 f4 34. Ng6+ Kh7 35. Nxf4 Be5 36. Nd5 Kg6 37. Ke2 Kf5 38. g4+ Ke6 39. Ne3 Kd6 40. Nf5+ 1-0


[Site "https://www.chess.com"]

[Event "Titled Tuesday Blitz June 6 Early 2023"]
[White "Poltorak, Sebastian"]
[Black "Llanos, Guillermo"]
[WhiteFideId "1199498"]
[BlackFideId "100358"]
[WhiteElo "2195"]
[BlackElo "2210"]
[Result "1-0"]
[Round "3"]
[TimeControl "180+2"]
[Date "2023.06.06"]
[WhiteClock "0:01:44"]
[BlackClock "0:00:52"]
[Board "119"]

1. d4 Nf6 2. c4 b6 3. Nf3 Bb7 4. a3 c5 5. Nc3 cxd4 6. Nxd4 Nc6 7. Bg5 e6 8. Ndb5 h6 9. Bh4 g5 10. Bg3 Rc8 11. Nd6+ Bxd6 12. Bxd6 Na5 13. e3 Nxc4 14. Bxc4 Rxc4 15. O-O Nd5 16. Nxd5 Bxd5 17. Rc1 Qc8 18. Qd4 Rg8 19. Rxc4 Bxc4 20. Rc1 b5 21. b3 1-0


[Site "https://www.chess.com"]

[Event "Titled Tuesday Blitz June 6 Early 2023"]
[White "Guerra Tulcan, Lenin"]
[Black "Da Silva, Lindolfo Luiz"]
[WhiteFideId "3601382"]
[BlackFideId "2106558"]
[WhiteElo "2368"]
[BlackElo "2359"]
[Result "1-0"]
[Round "3"]
[TimeControl "180+2"]
[Date "2023.06.06"]
[WhiteClock "0:00:51"]
[BlackClock "0:00:04"]
[Board "120"]

1. e4 c5 2. Nf3 Nc6 3. d4 cxd4 4. Nxd4 Nf6 5. Nc3 e5 6. Ndb5 d6 7. Bg5 a6 8. Na3 b5 9. Nd5 Be7 10. Bxf6 Bxf6 11. c4 b4 12. Nc2 O-O 13. Bd3 Qa5 14. b3 Bd8 15. O-O Bb6 16. Kh1 Bc5 17. Qd2 g6 18. a3 Qd8 19. axb4 Bd4 20. Ra2 f5 21. b5 Nb8 22. bxa6 Bxa6 23. Nxd4 exd4 24. Rfa1 Rf7 25. exf5 gxf5 26. Qf4 Qd7 27. Nb6 Qb7 28. Nxa8 Qxa8 29. Qg5+ Kf8 30. Qd8+ Kg7 31. Rxa6 Qb7 32. Qg5+ Kf8 33. Rxd6 Nc6 34. Qh6+ Kg8 35. Rxc6 Rf8 36. Bxf5 Qf7 37. Be6 d3 38. Bxf7+ Rxf7 39. Rc8+ Rf8 40. Qxf8# 1-0


[Site "https://www.chess.com"]

[Event "Titled Tuesday Blitz June 6 Early 2023"]
[White "Mihailidis, Anastasios"]
[Black "Bruedigam, Martin"]
[WhiteFideId "4205588"]
[BlackFideId "24608033"]
[WhiteElo "2312"]
[BlackElo "2331"]
[Result "1-0"]
[Round "3"]
[TimeControl "180+2"]
[Date "2023.06.06"]
[WhiteClock "0:01:27"]
[BlackClock "0:00:11"]
[Board "121"]

1. e4 c6 2. d4 d5 3. exd5 cxd5 4. Bd3 Nc6 5. c3 Nf6 6. Bf4 Bg4 7. Qb3 Qc8 8. Nd2 e6 9. Ngf3 Be7 10. O-O O-O 11. h3 Bh5 12. Rfe1 Bg6 13. Bxg6 hxg6 14. Rac1 a6 15. Ne5 Nxe5 16. Bxe5 Qc6 17. Bxf6 gxf6 18. c4 Rfd8 19. c5 Rab8 20. Qc3 Kg7 21. b4 g5 22. Qb3 Rh8 23. a4 Qc7 24. Qg3 Qd7 25. Qb3 Rh4 26. Nf3 Rh5 27. b5 axb5 28. Qxb5 Qc7 29. Qb6 Qf4 30. Qb3 g4 31. hxg4 Qxg4 32. Kf1 Bd8 33. Ke2 Qe4+ 34. Qe3 Qf5 35. Rh1 Ra8 36. g4 Rxh1 37. gxf5 Rxc1 38. Qxc1 Rxa4 39. fxe6 fxe6 40. Qb2 Ra7 41. Qb5 1-0


[Site "https://www.chess.com"]

[Event "Titled Tuesday Blitz June 6 Early 2023"]
[White "Streltsov, Alexey"]
[Black "Rosenberg, Evan S"]
[WhiteFideId "24104434"]
[BlackFideId "2019299"]
[WhiteElo "2544"]
[BlackElo "2340"]
[Result "1/2-1/2"]
[Round "3"]
[TimeControl "180+2"]
[Date "2023.06.06"]
[WhiteClock "0:00:11"]
[BlackClock "0:01:01"]
[Board "122"]

1. d4 d5 2. Bf4 c5 3. e3 Nc6 4. Nc3 cxd4 5. exd4 a6 6. Nf3 Bg4 7. Be2 Bxf3 8. Bxf3 e6 9. Ne2 Bd6 10. c3 Nf6 11. O-O O-O 12. Re1 Bxf4 13. Nxf4 b5 14. Nd3 a5 15. Rc1 Rc8 16. a3 b4 17. cxb4 axb4 18. Nxb4 Nxb4 19. Rxc8 Qxc8 20. axb4 Qc4 21. Qd2 Rc8 22. g3 h6 23. Re3 Rb8 24. b3 Qxb4 25. Qxb4 Rxb4 26. Rd3 Ne8 27. Kf1 Nd6 28. Ke2 Nb5 29. Ke3 Na3 30. Bd1 Nb5 31. f4 g6 32. Bc2 h5 33. Rd2 Kf8 34. Bd1 Ke7 35. Ra2 Nxd4 36. Ra4 Nc6 37. Rxb4 Nxb4 38. Kd4 Kd6 39. Kc3 Kc5 40. Be2 d4+ 41. Kd2 f6 42. Bc4 e5 43. Bf7 g5 44. Bxh5 e4 45. fxg5 fxg5 46. Bg6 e3+ 47. Ke2 Kd5 48. h4 gxh4 49. gxh4 Ke5 50. h5 Nd5 51. Kf3 Kf6 52. Be4 Nc3 53. Bd3 Kg5 54. b4 Nd5 55. b5 Kxh5 56. Ke4 Nc3+ 57. Kxd4 Nxb5+ 58. Bxb5 e2 59. Bxe2+ 1/2-1/2


[Site "https://www.chess.com"]

[Event "Titled Tuesday Blitz June 6 Early 2023"]
[White "Li, Hui"]
[Black "Vestby-Ellingsen, Mads"]
[WhiteFideId "15400310"]
[BlackFideId "1520857"]
[WhiteElo "1966"]
[BlackElo "2247"]
[Result "1-0"]
[Round "3"]
[TimeControl "180+2"]
[Date "2023.06.06"]
[WhiteClock "0:00:47"]
[BlackClock "0:00:54"]
[Board "123"]

1. e4 d6 2. d4 Nf6 3. Nc3 e5 4. dxe5 dxe5 5. Qxd8+ Kxd8 6. Bg5 Be6 7. O-O-O+ Nd7 8. f4 h6 9. Bxf6+ gxf6 10. f5 Bxa2 11. Nxa2 Bc5 12. Nf3 Ke7 13. Bc4 c6 14. Bxf7 b5 15. Be6 Nb6 16. Kb1 a5 17. Nc1 a4 18. Nh4 Rhd8 19. Ng6+ Ke8 20. g4 a3 21. b3 Bd4 22. Ka2 c5 23. Ne2 Bb2 24. h4 Ra7 25. Rxd8+ Kxd8 26. g5 Rh7 27. gxf6 Ke8 28. f7+ Rxf7 29. Bxf7+ Kxf7 30. Rd1 Nc8 31. c3 c4 32. bxc4 bxc4 33. Nxe5+ Kf6 34. Nxc4 h5 35. Nxb2 axb2 36. Kxb2 Nb6 37. Kb3 Ke5 38. Rd8 Kf6 39. Rd6+ Ke5 40. Rxb6 1-0


[Site "https://www.chess.com"]

[Event "Titled Tuesday Blitz June 6 Early 2023"]
[White "Vifleemskaia, Svetlana"]
[Black "Garcia Blanco, Omar"]
[WhiteFideId "4129490"]
[BlackFideId "2287153"]
[WhiteElo "1930"]
[BlackElo "2356"]
[Result "0-1"]
[Round "3"]
[TimeControl "180+2"]
[Date "2023.06.06"]
[WhiteClock "0:00:02"]
[BlackClock "0:00:35"]
[Board "124"]

1. d4 Nf6 2. c4 e6 3. Nc3 d5 4. cxd5 exd5 5. Bg5 Be7 6. e3 c6 7. Bd3 Nbd7 8. Nge2 O-O 9. Qc2 Re8 10. f3 Nf8 11. Bh4 g6 12. O-O Ne6 13. Kh1 b5 14. a3 Bb7 15. Bf2 a6 16. e4 c5 17. exd5 Nxd4 18. Nxd4 cxd4 19. Bxd4 Nxd5 20. Nxd5 Bxd5 21. Rad1 Rc8 22. Qf2 Bb3 23. Bb6 Qd6 24. Rd2 Bh4 25. g3 Bg5 26. f4 Bf6 27. Be4 Qe6 28. Bg2 Rb8 29. Bd4 Bc4 30. Rfd1 Bb3 31. Rf1 Rbd8 32. Bxf6 Qxf6 33. Re1 Kg7 34. Rxe8 Rxe8 35. h3 h5 36. Kh2 Bc4 37. Qd4 Qxd4 38. Rxd4 Re2 39. b4 Ra2 40. f5 Bf1 0-1


[Site "https://www.chess.com"]

[Event "Titled Tuesday Blitz June 6 Early 2023"]
[White "Bilan, Danila"]
[Black "Georg, Heinz"]
[WhiteFideId "24161918"]
[BlackFideId "4607295"]
[WhiteElo "2146"]
[BlackElo "2313"]
[Result "0-1"]
[Round "3"]
[TimeControl "180+2"]
[Date "2023.06.06"]
[WhiteClock "0:00:02"]
[BlackClock "0:00:01"]
[Board "125"]

1. d4 f5 2. Nf3 Nf6 3. g3 g6 4. Bg2 Bg7 5. O-O O-O 6. c4 d6 7. Nc3 Qe8 8. d5 a5 9. Nd4 Na6 10. b3 Bd7 11. Bb2 c5 12. Ndb5 Ne4 13. Qc1 Nxc3 14. Nxc3 b5 15. a4 bxc4 16. bxc4 Nb4 17. Nb5 Qf7 18. Ra3 Bxb2 19. Qxb2 f4 20. Rf3 g5 21. Nc7 Rab8 22. Rb3 Bxa4 23. Ra3 Bd7 24. Qc3 a4 25. Ne6 Bxe6 26. dxe6 Qxe6 27. Rxa4 Qf6 28. Qd2 Qd4 29. Qc1 fxg3 30. hxg3 Qf6 31. Ra7 Nc2 32. Qxc2 Rb2 33. Qxh7+ Kxh7 34. Be4+ Kh6 35. f3 Qd4+ 36. Rf2 Rxe2 37. Ra2 Qxf2+ 0-1


[Site "https://www.chess.com"]

[Event "Titled Tuesday Blitz June 6 Early 2023"]
[White "Sarkar, Justin"]
[Black "Terletsky, Oleg"]
[WhiteFideId "2010011"]
[BlackFideId "14116774"]
[WhiteElo "2151"]
[BlackElo "2126"]
[Result "0-1"]
[Round "3"]
[TimeControl "180+2"]
[Date "2023.06.06"]
[WhiteClock "0:00:01"]
[BlackClock "0:00:08"]
[Board "126"]

1. d4 Nf6 2. c4 g6 3. Nc3 Bg7 4. e4 d6 5. Nf3 O-O 6. Be2 e5 7. Bg5 h6 8. Bh4 exd4 9. Nxd4 Nc6 10. Nxc6 bxc6 11. O-O Re8 12. f3 Rb8 13. Qd2 g5 14. Bf2 c5 15. Rad1 Nh5 16. Rfe1 Be6 17. g3 Nf6 18. b3 Nd7 19. f4 gxf4 20. gxf4 f5 21. Bh5 Rf8 22. exf5 Bxf5 23. Nd5 Bh7 24. Kh1 Kh8 25. Ne7 Nf6 26. Ng6+ Kg8 27. Ne7+ Kh8 28. Ng6+ Bxg6 29. Bxg6 Qd7 30. Rg1 Qc6+ 31. Rg2 Ng4 32. f5 Qf3 33. Qe1 Nxf2+ 34. Qxf2 Qxd1+ 0-1


[Site "https://www.chess.com"]

[Event "Titled Tuesday Blitz June 6 Early 2023"]
[White "Moral Garcia, Serafin"]
[Black "Jiganchine, Roman"]
[WhiteFideId "2201925"]
[BlackFideId "2603667"]
[WhiteElo "2274"]
[BlackElo "2299"]
[Result "1-0"]
[Round "3"]
[TimeControl "180+2"]
[Date "2023.06.06"]
[WhiteClock "0:00:15"]
[BlackClock "0:00:03"]
[Board "127"]

1. c4 c6 2. e4 d5 3. exd5 cxd5 4. d4 Nf6 5. Nc3 Nc6 6. Bg5 dxc4 7. Bxc4 h6 8. Be3 e6 9. Nf3 Be7 10. O-O O-O 11. Qd2 Ng4 12. Bf4 Bd6 13. Rad1 Nb4 14. a3 Nd5 15. Bxd5 exd5 16. Nxd5 Bxa3 17. Nc7 Bd6 18. Nxa8 Bf5 19. h3 Nf6 20. Rfe1 Nd5 21. Bxd6 Qxd6 22. Re5 Be6 23. Rde1 Rxa8 24. Nh4 Qd7 25. Qd3 Rc8 26. Nf5 a6 27. Ne3 Nf4 28. Qe4 Ng6 29. Rc5 Re8 30. Qc2 Bxh3 31. Rc7 Qe6 32. d5 Qf6 33. gxh3 Qg5+ 34. Kf1 Nf4 35. Qf5 Qh4 36. Qxf7+ Kh8 37. Qxg7# 1-0


[Site "https://www.chess.com"]

[Event "Titled Tuesday Blitz June 6 Early 2023"]
[White "Rodriguez Santiago, Jaime"]
[Black "Hajiyev, Kanan"]
[WhiteFideId "3100898"]
[BlackFideId "13404148"]
[WhiteElo "2025"]
[BlackElo "2115"]
[Result "0-1"]
[Round "3"]
[TimeControl "180+2"]
[Date "2023.06.06"]
[WhiteClock "0:00:03"]
[BlackClock "0:00:10"]
[Board "128"]

1. c4 Nf6 2. d4 e6 3. Nc3 Bb4 4. f3 c5 5. d5 exd5 6. cxd5 O-O 7. e4 Nxe4 8. fxe4 Qh4+ 9. Kd2 Qxe4 10. Nf3 d6 11. Bd3 Qxd5 12. Kc2 Qh5 13. Nd5 Nc6 14. Be3 Nd4+ 15. Bxd4 Qxd5 16. Bc3 Bf5 17. Bxf5 Qxf5+ 18. Qd3 Qg4 19. Rhg1 Bxc3 20. Qxc3 d5 21. Rad1 d4 22. Qd3 Rfd8 23. Kb1 Rac8 24. h3 Qg3 25. Qe4 b5 26. Rge1 h6 27. Rd2 c4 28. Qb7 c3 29. bxc3 dxc3 30. Rde2 Qg6+ 31. Ka1 c2 32. Rc1 Qf6+ 33. Ne5 Rc5 34. Rce1 Rxe5 35. Rc1 Rxe2# 0-1


[Site "https://www.chess.com"]